 Dungeon Crawl Stone Soup version 0.23-a0-681-g26ad783 (webtiles) character file.

14403 Larett the Severer (level 11, -4/82 HPs)
             Began as a Minotaur Berserker on Jan 10, 2019.
             Was a High Priest of Trog.
             Slain by a five-headed hydra (15 damage)
             ... on level 2 of the Lair of Beasts.
             The game lasted 00:30:40 (9441 turns).

Larett the Severer (Minotaur Berserker)             Turns: 9441, Time: 00:30:40

Health: -4/82      AC:  2    Str: 23    XL:     11   Next: 88%
Magic:  10/10      EV: 20    Int:  4    God:    Trog [*****.]
Gold:   706        SH:  0    Dex: 12    Spells: 10/10 levels left

rFire    . . .     SeeInvis .   a - +9 staff of Olgreb {rPois}
rCold    . . .     Gourm    .   (no shield)
rNeg     . . .     Faith    .   v - +0 troll leather armour {Purgy}
rPois    ∞         Spirit   .   (helmet restricted)
rElec    .         Reflect  .   H - +0 cloak
rCorr    +         Harm     .   (no gloves)
MR       .....                  D - +2 pair of boots
Stlth    +.........             (no amulet)
HPRegen  0.63/turn              t - +4 ring of evasion
MPRegen  0.12/turn              g - ring of resist corrosion

@: corroded, hasted, very quick
A: retaliatory headbutt, horns 2
a: Berserk, Trog's Hand, Brothers in Arms, Renounce Religion


You were on level 2 of the Lair of Beasts.
You worshipped Trog.
Trog was extremely pleased with you.
You were very hungry.

You visited 2 branches of the dungeon, and saw 12 of its levels.
You also visited: Sewer.

You collected 706 gold pieces.

Inventory:

Hand Weapons
 a - the +9 staff of Olgreb (weapon) {rPois}
   (You found it on level 8 of the Dungeon)

   It protects you from poison.
 b - a +2 shortbow of flaming
 q - a +1 war axe of flaming
 G - a +1 executioner's axe of freezing
Missiles
 k - 233 arrows
 x - 61 bolts
 S - 52 poisoned needles
 X - 10 tomahawks (quivered)
 Z - 5 throwing nets {!f}
Armour
 e - a +2 robe of magic resistance
 v - a +0 troll leather armour (worn) {Purgy}
 y - a +0 shield
 D - a +2 pair of boots (worn)
 H - a +0 cloak (worn)
Jewellery
 g - a ring of resist corrosion (right hand)
 l - an uncursed ring of flight
 o - an uncursed ring of ice
 s - an uncursed ring of see invisible
 t - a +4 ring of evasion (left hand)
 C - a +3 ring of evasion
Wands
 A - a wand of acid (21)
 I - a wand of iceblast (11)
 J - a wand of random effects (12)
 P - a wand of paralysis (6)
Scrolls
 m - 6 scrolls of enchant armour
 r - a scroll of immolation {!r}
 B - 2 scrolls of fear
 L - a scroll of enchant weapon
 R - a scroll of identify
 T - 3 scrolls of teleportation
 W - 2 scrolls of fog
 Y - 2 scrolls of remove curse
Potions
 d - a potion of cancellation
 f - a potion of mutation {unknown}
 i - 3 potions of brilliance
 j - 2 potions of degeneration {unknown}
 n - a potion of magic {unknown}
 p - 9 potions of flight
 E - a potion of resistance
 K - 5 potions of agility
 M - a potion of haste
 N - a potion of heal wounds
 O - 2 potions of might
 Q - 5 potions of curing
 U - 3 potions of invisibility
Miscellaneous
 V - a phantom mirror
Comestibles
 c - 26 rations


   Skills:
 - Level 3.6 Fighting
 + Level 15.4 Axes
 - Level 12.0 Staves
 - Level 8.4 Armour
 - Level 8.0 Dodging


You had 10 spell levels left.
You didn't know any spells.
Your spell library contained the following spells:

 Spells                   Type           Power        Failure   Level  Hunger
 Infusion                 Chrm           #...         54%         1    ##.....
 Shroud of Golubria       Chrm/Tloc      #.........   67%         2    ###....
 Song of Slaying          Chrm           #.......     67%         2    ###....
 Regeneration             Chrm/Necr      #.........   88%         3    ####...
 Spectral Weapon          Hex/Chrm       #.......     88%         3    ####...


Dungeon Overview and Level Annotations

Branches:
Dungeon (10/15)            Temple (0/1) D:5            Lair (2/6) D:10
  Swamp: Lair:2-4    Shoals: Lair:2-4     Snake: Lair:2-4    Spider: Lair:2-4
    Orc: D:9-12

Altars:
Cheibriados
Dithmenos
Elyvilon
Makhleb
Nemelex Xobeh
Qazlal
Sif Muna
Trog
Xom

Shops:
D:4 :

Annotations:
D:6 need digging
Lair:2 exclusion: 2 oklob plants


Innate Abilities, Weirdness & Mutations

You reflexively headbutt those who attack you in melee.
You have a pair of horns on your head.


Message History

The five-headed hydra barely misses you.
The five-headed hydra completely misses you.
The five-headed hydra bites you but does no damage.
You barely miss the five-headed hydra.
You headbutt the five-headed hydra, but do no damage.
The five-headed hydra is severely wounded.
You hit the five-headed hydra.
The five-headed hydra is severely wounded.
You hit the five-headed hydra.
The five-headed hydra is almost dead.
The five-headed hydra bites you. x2; The five-headed hydra bites you!
* * * LOW HITPOINT WARNING * * *
The five-headed hydra misses you. The five-headed hydra bites you!
* * * LOW HITPOINT WARNING * * *
You feel much better. The five-headed hydra bites you!
* * * LOW HITPOINT WARNING * * *
The five-headed hydra bites you.
* * * LOW HITPOINT WARNING * * *
The five-headed hydra bites you!
You die...

..........................
..........................
.##.###...................
..### #........!..........
.## .....................
.# ......................
.# ............PP........
.# ...?.....PPDPP......
... .......PP@.PPP.....
.#.. ......P>.$.PPP....
.##... .$....PP!P)P.....
.. .## .......PPPPP.....
..# . .......P.........
.................
................ .......
.......


You could see a five-headed hydra and 2 oklob plants.

Vanquished Creatures
  Harold (D:7)
  A two-headed ogre (D:8)
  The ghost of BubbleThief the Fighter, a novice NaVM of Vehumet (D:8)
  Pikel (D:8)
  A cyclops (D:8)
  An oklob plant (Lair:2)
  Psyche (D:10)
  5 spiny frogs (Lair:1)
  4 blink frogs (Lair:1)
  Grinder (D:3)
  A hippogriff (D:10)
  Sigmund (D:3)
  4 hogs (D:8)
  4 wyverns (D:10)
  A human (D:8)
  2 basilisks
  6 yaks (Lair:1)
  Menkaure (D:5)
  4 soldier ants (D:8)
  4 water moccasins
  4 porcupines (Lair:1)
  3 ice beasts
  Purgy (Sewer)
  3 phantoms
  3 sky beasts
  2 orc warriors
  A swamp drake (D:10)
  A slave (D:8)
  3 centaurs
  4 ogres
  4 wolves (Lair:1)
  A black bear (D:9)
  A crocodile (D:10)
  A big kobold (D:8)
  5 bullfrogs
  3 gnoll sergeants (D:6)
  A scorpion (D:8)
  4 wights
  6 killer bees (D:8)
  3 howler monkeys
  A crimson imp (D:6)
  A centaur zombie (D:9)
  3 jellies
  A quasit (D:7)
  4 bullfrog skeletons
  3 hounds
  Crazy Yiuf (D:3)
  An orc priest (D:2)
  3 orc wizards
  Terence (D:2)
  An iguana (D:7)
  Ijyb (D:3)
  8 worker ants
  A worker ant zombie (D:5)
  4 gnolls (D:9)
  A river rat (D:3)
  16 adders
  2 shadow imps
  An ooze (D:1)
  2 adder skeletons
  3 worms
  A dart slug (D:1)
  6 leopard geckos
  24 orcs
  11 bats
  3 giant cockroaches
  11 goblins
  8 hobgoblins
  8 jackals
  2 quokkas
  6 ball pythons
  7 frilled lizards
  11 kobolds
  A leopard gecko zombie (D:5)
  A quokka skeleton (D:8)
  A quokka zombie (D:5)
  14 rats
273 creatures vanquished.

Vanquished Creatures (others)
  A slave (D:8)
  A crimson imp (D:8)
  2 quokkas
4 creatures vanquished.

Grand Total: 277 creatures vanquished

Notes
Turn   | Place    | Note
-------+----------+-------------------------------------------
     0 | D:1      | Larett the Minotaur Berserker began the quest for the Orb.
     0 | D:1      | Reached XP level 1. HP: 19/19 MP: 0/0
    64 | D:1      | Reached skill level 4 in Axes
    64 | D:1      | Reached XP level 2. HP: 26/26 MP: 1/1
   280 | D:1      | Reached skill level 3 in Armour
   402 | D:1      | Reached XP level 3. HP: 29/31 MP: 2/2
   478 | D:1      | Reached ** piety under Trog
   969 | D:2      | Reached skill level 5 in Axes
   969 | D:2      | Reached skill level 3 in Dodging
   969 | D:2      | Reached XP level 4. HP: 24/39 MP: 3/3
  1157 | D:2      | Found a shimmering altar of Xom.
  1201 | D:2      | Noticed Terence
  1206 | D:2      | Killed Terence
  1206 | D:2      | Reached XP level 5. HP: 43/45 MP: 4/4
  1517 | D:2      | Found a snail-covered altar of Cheibriados.
  1815 | D:3      | Found a glowing drain.
  1822 | D:3      | Reached skill level 6 in Axes
  1823 | D:3      | Reached *** piety under Trog
  1857 | Sewer    | Entered a sewer
  1914 | Sewer    | Noticed Purgy
  1925 | Sewer    | Killed Purgy
  1925 | Sewer    | Reached XP level 6. HP: 39/51 MP: 5/5
  2094 | D:3      | Noticed Sigmund
  2104 | D:3      | Killed Sigmund
  2104 | D:3      | Reached skill level 7 in Axes
  2143 | D:3      | Reached XP level 7. HP: 46/57 MP: 6/6
  2188 | D:3      | Noticed Grinder
  2191 | D:3      | Paralysed by Grinder for 6 turns
  2201 | D:3      | Killed Grinder
  2201 | D:3      | Reached skill level 8 in Axes
  2396 | D:3      | Noticed Ijyb
  2406 | D:3      | Killed Ijyb
  2443 | D:3      | Found a runed door.
  2448 | D:3      | Noticed Crazy Yiuf
  2451 | D:3      | Paralysed by Crazy Yiuf for 3 turns
  2456 | D:3      | Killed Crazy Yiuf
  2948 | D:4      | Found Qovimm's Book Emporium.
  3213 | D:4      | Found a deep blue altar of Sif Muna.
  3394 | D:5      | Entered Level 5 of the Dungeon
  3429 | D:5      | Found a staircase to the Ecumenical Temple.
  3429 | D:5      | Noticed Menkaure
  3436 | D:5      | Reached skill level 6 in Armour
  3436 | D:5      | Reached XP level 8. HP: 33/64 MP: 7/7
  3439 | D:5      | Killed Menkaure
  3439 | D:5      | Reached skill level 9 in Axes
  3495 | D:5      | Reached **** piety under Trog
  3681 | D:5      | HP: 7/64 [ogre/+0 giant spiked club (21)]
  3690 | D:5      | HP: 1/64 [ogre/+0 giant club (12)]
  3691 | D:5      | Reached skill level 6 in Dodging
  4154 | D:6      | Found a white marble altar of Elyvilon.
  4217 | D:6      | Reached skill level 10 in Axes
  4365 | D:6      | Reached XP level 9. HP: 58/70 MP: 8/8
  4493 | D:6      | Found a burning altar of Makhleb.
  4493 | D:6      | Found a stormy altar of Qazlal.
  4494 | D:6      | Found a bloodstained altar of Trog.
  4495 | D:6      | Found a sparkling altar of Nemelex Xobeh.
  5210 | D:7      | Noticed Harold
  5223 | D:7      | Killed Harold
  5223 | D:7      | Reached skill level 11 in Axes
  5334 | D:7      | Found a shadowy altar of Dithmenos.
  5474 | D:7      | Reached skill level 12 in Axes
  5947 | D:8      | Noticed Pikel
  5976 | D:8      | Noticed a two-headed ogre
  5977 | D:8      | Killed Pikel
  5977 | D:8      | Reached XP level 10. HP: 58/77 MP: 9/9
  5992 | D:8      | Killed a two-headed ogre
  5992 | D:8      | Reached skill level 13 in Axes
  6097 | D:8      | Reached skill level 14 in Axes
  6277 | D:8      | Found a runed gate.
  6278 | D:8      | Found a runed door.
  6301 | D:8      | Found a runed gate.
  6301 | D:8      | Found a runed gate.
  6315 | D:8      | Found a runed door.
  6326 | D:8      | Found the +9 staff of Olgreb {rPois}
  6369 | D:8      | Reached ***** piety under Trog
  6404 | D:8      | Reached skill level 15 in Axes
  6470 | D:8      | Found a runed door.
  6567 | D:8      | Noticed a cyclops
  6567 | D:8      | Noticed BubbleThief's ghost (novice NaVM)
  6603 | D:8      | Killed BubbleThief's ghost
  6603 | D:8      | Reached skill level 3 in Staves
  6611 | D:8      | Killed a cyclops
  6611 | D:8      | Reached XP level 11. HP: 81/82 MP: 10/10
  7587 | D:10     | Entered Level 10 of the Dungeon
  7597 | D:10     | Reached skill level 6 in Staves
  7713 | D:10     | Noticed Psyche
  7721 | D:10     | Killed Psyche
  8289 | D:10     | Found a staircase to the Lair.
  8298 | Lair:1   | Entered Level 1 of the Lair of Beasts
  8362 | Lair:1   | Reached skill level 9 in Staves
  8529 | Lair:1   | Received a gift from Trog
  9325 | Lair:2   | Noticed an oklob plant
  9413 | Lair:2   | Noticed an oklob plant
  9415 | Lair:2   | Noticed an oklob plant
  9415 | Lair:2   | Noticed a five-headed hydra
  9425 | Lair:2   | Killed an oklob plant
  9425 | Lair:2   | Reached skill level 12 in Staves
  9440 | Lair:2   | HP: 11/82 [five-headed hydra (9)]
  9441 | Lair:2   | Slain by a five-headed hydra

Vault maps used:
D:1:      onia_arrival_handbag
D:2:      xom_teletrap_fun, old_standard_altar, uniq_terence
D:3:      portal_sewer_entry_a, roderic_lattice_a, uniq_crazy_yiuf_cottage,
          uniq_grinder, uniq_ijyb, uniq_sigmund
D:4:      lemuel_doored_altar, serial_shops, shop, first_ration
D:5:      minmay_temple_entry_arrows, uniq_menkaure
D:6:      elyvilon_altar_4, chequers_temple_overflow_statue_of_worship,
          sword_in_stone
D:7:      lemuel_round_altar, minmay_door_square, uniq_harold
D:8:      ebering_ghost_inner_flame, grunt_livestock,
          minmay_guarded_unrand_staff_of_olgreb, uniq_pikel
D:10:     erik_lair_dragon, serial_shops, nicolae_shop_stone,
          minmay_misc_feat_plants, hangedman_abyss_or_decor_passed, uniq_psyche,
          uniq_joseph
Lair:1:   eino_small_chamber_without_monster, chequers_serial_rivers_micro_c,
          grunt_megastairs_4
Lair:2:   minmay_shoals_entry_lonely_mermaid, nicolae_quartered_pool_medium,
          chequers_serial_rivers_micro_a, disabler_island
Sewer:    sewer_co_purgy_island

Skill      XL: |  1  2  3  4  5  6  7  8  9 10 11 |
---------------+----------------------------------+-----
Axes           | 4 5 6 7 8 10 12 15 | 15.4
Armour         | 3 4 5 6 7 8 |  8.4
Dodging        | 3 4 5 6 8 |  8.0
Staves         | 4 12 | 12.0
Fighting       | |  3.6

Action                   |  1- 3 |  4- 6 |  7- 9 | 10-12 || total
-------------------------+-------+-------+-------+-------++-------
Melee: Hand axe          |    76 |    97 |    57 |       ||   230
       Headbutt          |    13 |    14 |    38 |    79 ||   144
       War axe           |       |       |   168 |    68 ||   236
       Staff             |       |       |       |   276 ||   276
       Executioner's axe |       |       |       |    15 ||    15
 Fire: Hunting sling     |       |     7 |    10 |       ||    17
       Shortbow          |       |       |    16 |       ||    16
Invok: Trog's Hand       |       |     1 |     1 |     2 ||     4
       Berserk           |       |     1 |     1 |     1 ||     3
Evoke: Wand              |       |       |     5 |     3 ||     8
  Use: Scroll            |     6 |     1 |    12 |     6 ||    25
       Potion            |       |       |     1 |     7 ||     8
  Eat: Chunk             |       |     5 |     9 |    13 ||    27
       Ration            |       |       |     1 |       ||     1
Armor: Animal skin       |    11 |       |       |       ||    11
       Ring mail         |    13 |    38 |       |       ||    51
       Troll leather arm |       |     9 |    65 |    70 ||   144
Dodge: Dodged            |    56 |    65 |   160 |   280 ||   561
Block: Shield            |       |       |    22 |       ||    22

Table legend:
 A = Non-vault XP
 B = Vault XP
 C = Vault XP percentage of total XP
 D = Non-vault monster count
 E = Vault monster count
 F = Vault count percentage of total count
                 A         B        C        D         E       F
            +---------+---------+-------+---------+---------+-------
      Total |   11109 |    9467 |  46.0 |     211 |      61 |  22.4
            +---------+---------+-------+---------+---------+-------
        D:1 |      62 |       4 |   6.1 |      33 |       4 |  10.8
        D:2 |     181 |      36 |  16.6 |      30 |       1 |   3.2
        D:3 |     217 |     572 |  72.5 |      29 |       7 |  19.4
        D:4 |      99 |       0 |   0.0 |       7 |       0 |   0.0
        D:5 |     562 |     165 |  22.7 |      16 |       1 |   5.9
        D:6 |     713 |     447 |  38.5 |      15 |       5 |  25.0
        D:7 |     811 |    1034 |  56.0 |      13 |       1 |   7.1
        D:8 |    1548 |    4421 |  74.1 |      17 |      26 |  60.5
        D:9 |     847 |       0 |   0.0 |      15 |       0 |   0.0
       D:10 |     800 |    1316 |  62.2 |      10 |       6 |  37.5
     Lair:1 |    5086 |     800 |  13.6 |      25 |       2 |   7.4
     Lair:2 |     183 |     520 |  74.0 |       1 |       1 |  50.0
      Sewer |       0 |     152 | 100.0 |       0 |       7 | 100.0
            +---------+---------+-------+---------+---------+-------
